 Dungeon Crawl Stone Soup version 0.29-a0-234-g0dae59b3db (webtiles) character file.

Game seed: 9247851268985259912

784 spaghetti the Fighter (level 7, -3/57 HPs)
             Began as an Octopode Chaos Knight on Mar 3, 2022.
             Was a Plaything of Xom.
             Slain by a gnoll
             ... wielding a +0 halberd
              (9 damage)
             ... on level 5 of the Dungeon on Mar 4, 2022.
             The game lasted 00:05:11 (4344 turns).

spaghetti the Fighter (Octopode Chaos Knight)       Turns: 4344, Time: 00:05:12

Health: -3/57      AC:  3    Str: 11    XL:     7   Next: 86%
Magic:  7/7        EV: 13    Int: 16    God:    Xom [....*.]
Gold:   174        SH:  0    Dex: 14    Spells: 6/6 levels left

rFire   . . .      SeeInvis .   a - +0 hand axe (chaos) {axe}
rCold   . . .      Faith    +   (no shield)
rNeg    . . .      Spirit   .   (helmet restricted)
rPois   +          Reflect  .   c - amulet of faith {!P}
rElec   .          Harm     .   e - ring of willpower
rCorr   .          Rampage  .   (no ring)
Will    +....      Clarity  +   (no ring)
Stlth   +++.......              (no ring)
HPRegen 0.19/turn               (no ring)
MPRegen 0.10/turn               (no ring)
                                (no ring)
                                (no ring)

@: no status effects
A: almost no armour, amphibious, 8 rings, camouflage 2, gelatinous body 1,
(nimble swimmer 1), tentacles, iridescent scales 1, clarity, clever 1, poison
resistance
a: Renounce Religion


You were on level 5 of the Dungeon.
You worshipped Xom.
You were a beloved toy of Xom.
You visited 1 branch of the dungeon, and saw 6 of its levels.

You collected 174 gold pieces.


Innate Abilities, Weirdness & Mutations

You cannot wear most types of armour.
You are amphibious.
You can wear up to eight rings at the same time.
Your skin blends seamlessly with your surroundings (Stealth++).
Your rubbery body absorbs attacks. (AC +1, EV +1)
((You are camouflaged when in or above water. (Stealth+)))
You have tentacles for arms and can constrict up to eight enemies at once.
You are partially covered in iridescent scales. (AC +2)
You possess an exceptional clarity of mind.
Your mind is acute. (Int +2)
Your system is resistant to poisons. (rPois)


   Skills:
 + Level 9.1 Fighting
 - Level 3.0 Axes
 - Level 2.3 Dodging


You had 6 spell levels left.
You didn't know any spells.
Your spell library was empty.

Inventory:

Hand Weapons
 a - a +0 hand axe of chaos (weapon) {axe}
 b - a +0 shortbow {bow}
   (You took it off a centaur on level 5 of the Dungeon)
Missiles
 f - 118 stones (quivered) {throwing}
 h - 4 boomerangs {throwing}
Jewellery
 c - an amulet of faith (around mantle) {!P}
   (You found it on level 3 of the Dungeon)
 e - a ring of willpower (left tentacle)
   (You found it on level 1 of the Dungeon)
 k - a ring of protection from cold
   (You found it on level 4 of the Dungeon)
Wands
 g - a wand of mindburst (11)
   (You found it on level 3 of the Dungeon)
Potions
 d - a potion of curing {@q1}
 j - 3 potions of flight

Dungeon Overview and Level Annotations

Branches:
Dungeon (6/15)
 Temple: D:4-7

Altars:
Xom

#.##..# ##...## #.# #.##..#
##.....## ### #.# #.###.##
##.......## ##.###.#
#......####.........####...##.###
###.[.....'.........'............
####...####.........####...##.###
#.........##......g######.###.#
....#.###.###.....###.......#.#
..#.#.# #.# ##..@## #.#####.#g#
..#.#.# #.# ##+## #.#####.#.#
......# #.# #.#####.##......#
....### #.# #[.........##.###
....# #.# ##..####.#..##.#####
..[.#####.# ##...## #...........#
#.........# #.....#####..######.#
##.######## ##...##......#
#.######### ##..##.###.##


You could see a gnoll.


Message History

The centaur closely misses you.
The centaur hits you but does no damage.
The centaur kicks you. 😮 HP[-1]
You take 1 damage, and now have 29/56 hp.
You hit the centaur but do no damage.
The centaur easily resists.
You squeeze the centaur, but do no damage.
The centaur hits you.
* * * LOW HITPOINT WARNING * * *
The centaur barely misses you. The centaur hits you.
* * * LOW HITPOINT WARNING * * *
The centaur closely misses you. 😨 HP[-3]
You take 3 damage, and now have 26/56 hp.
You barely miss the centaur. The centaur hits you.
* * * LOW HITPOINT WARNING * * *
The centaur kicks you but does no damage. 😨 HP[-3]
You take 3 damage, and now have 23/56 hp.
You hit the centaur but do no damage.
The centaur is poisoned.
The centaur hits you.
* * * LOW HITPOINT WARNING * * *
The centaur kicks you but does no damage.
The centaur hits you but does no damage.
The centaur closely misses you.
You hit the centaur but do no damage. Lightning courses through the centaur!
You kill the centaur!
Your Fighting skill increases to level 9!
You now have 57 max hp (+1).
You start resting.
Your cleaving frenzy subsides. 😎 HP[+34]
Your hp is fully restored (57).
Things that are here:
a +0 shortbow {bow}; a centaur corpse
Found a stone staircase leading up.
Found a stone staircase leading down.
You open the door. 3 gnolls come into view.
There are monsters nearby!
There are monsters nearby!
There is an open door here.
The helpless gnoll fails to defend itself.
You hit the gnoll. Your grab misses the gnoll. The gnoll closely misses you.
You hit the gnoll. You freeze the gnoll. Your grab misses the gnoll.
The gnoll shouts! x2
The gnoll barely misses you.
The gnoll hits you with a +0 flail! 😕 HP[-11]
You take 11 damage, and now have 46/57 hp.
You hit the gnoll. Your grab misses the gnoll.
You hit the gnoll but do no damage. The gnoll closely misses you.
The gnoll hits you from afar with a +0 halberd. 😕 HP[-1]
You take 1 damage, and now have 45/57 hp.
You hit the gnoll but do no damage. Your grab misses the gnoll.
You hit the gnoll. You burn the gnoll. The gnoll hits you with a +0 flail!
The gnoll misses you. The gnoll hits you with a +0 flail.
* * * LOW HITPOINT WARNING * * *
You are too injured to fight recklessly! 😨 HP[-18]
You take 18 damage, and now have 27/57 hp.
MASSIVE DAMAGE!! (PAUSE)
You closely miss the gnoll. You grab the gnoll. You squeeze the gnoll.
You kill the gnoll!
You hit the gnoll.
The gnoll is poisoned.
The gnoll closely misses you. The gnoll hits you with a +0 flail!
* * * LOW HITPOINT WARNING * * *
😱 HP[-13]
You take 13 damage, and now have 14/57 hp.
MASSIVE DAMAGE!! (PAUSE)
Okay, then.
You aren't carrying any scrolls.
Unknown command.
You hit the gnoll.
You kill the gnoll!
The gnoll hits you from afar with a +0 halberd!
* * * LOW HITPOINT WARNING * * *
The gnoll closely misses you. 😱 HP[-12]
You take 12 damage, and now have 2/57 hp.
MASSIVE DAMAGE!! (PAUSE)
There is an open door here. 😱 HP[+1]
Okay, then.
You see here a +0 chain mail. 😱 HP[+1] 😱 HP[+1]
The gnoll hits you from afar with a +0 halberd.
* * * LOW HITPOINT WARNING * * *
😱 HP[-2]
You take 2 damage, and now have 3/57 hp. 😱 HP[+1] 😱 HP[+1]
There is an open door here.
As you close the door, it creaks loudly!
A gnoll breaks down the door. 😱 HP[+1]
There is a stone staircase leading down here.
The gnoll hits you from afar with a +0 halberd!
You die...

Skill      XL: |  1  2  3  4  5  6  7 |
---------------+----------------------+-----
Fighting       | 4 5 6 8 9 |  9.1
Axes           | |  3.0
Dodging        | |  2.3

Action                   |  1- 3 |  4- 6 |  7- 9 || total
-------------------------+-------+-------+-------++-------
Melee: Hand axe          |    63 |    88 |    22 ||   173
       Constrict         |    17 |    17 |     4 ||    38
       Tentacles         |     8 |    17 |     6 ||    31
       Punch             |       |     3 |       ||     3
Evoke: Wand              |       |     1 |       ||     1
  Use: Potion            |     1 |     8 |       ||     9
       Scroll            |     1 |     8 |       ||     9
 Stab: Sleeping          |     5 |     8 |     4 ||    17
       Invisible         |       |     1 |       ||     1
       Paralysed         |       |     1 |     2 ||     3
       Confused          |       |     2 |       ||     2
Armor: Skin              |    10 |    28 |     9 ||    47
Dodge: Dodged            |    42 |    52 |    21 ||   115

Levels and vault maps discovered:
D:1:      shiori_arrival_whats_in_store_for_you, layout_loops_corners,
          minmay_split_cup_small
D:2:      layout_basic, shapermc_ecumenical_altar_starsandcircs,
          hex_intersection, minmay_misc_feat_doors, kennysheep_generic_room_7,
          uniq_sigmund
D:3:      layout_rooms, gup_sewer_entry_spiral
D:4:      layout_rooms
D:5:      layout_loops_corners, grunt_ministairs_13
D:6:      layout_basic, kennysheep_donut

Notes
Turn   | Place    | Note
-------+----------+-------------------------------------------
     0 | D:1      | spaghetti the Octopode Chaos Knight began the quest for the
                  | Orb.
     0 | D:1      | Reached XP level 1. HP: 16/16 MP: 1/1
     0 | D:1      | magus.rc [v1.9.6]
    39 | D:1      | XOM: silly message
    46 | D:1      | XOM: divination: detect creatures
    75 | D:1      | Reached XP level 2. HP: 21/21 MP: 2/2
   171 | D:1      | XOM: divination: detect items
   192 | D:1      | Reached skill level 4 in Fighting
   194 | D:1      | Reached XP level 3. HP: 25/27 MP: 3/3
   711 | D:1      | XOM: smoke on damage
  1141 | D:2      | XOM: stealth player
  1160 | D:2      | Found a faded altar of an unknown god.
  1269 | D:2      | XOM: divination: detect creatures
  1324 | D:2      | Reached XP level 4. HP: 28/34 MP: 4/4
  1370 | D:2      | XOM: silly message
  1421 | D:2      | Gained mutation: You are partially covered in iridescent
                  | scales. (AC +2) [potion of mutation]
  1421 | D:2      | Gained mutation: Your system is resistant to poisons.
                  | (rPois) [potion of mutation]
  1423 | D:2      | HP: 7/34 [gnoll/+0 spear (5)]
  1684 | D:3      | Noticed a bullfrog
  1685 | D:3      | XOM: potion effect (invisibility)
  1710 | D:3      | Reached skill level 5 in Fighting
  1804 | D:3      | XOM: scenery: summon butterflies
  1807 | D:3      | XOM: butterfly on damage
  1809 | D:3      | XOM: confusion
  1812 | D:3      | XOM: swap monsters
  1817 | D:3      | Killed a bullfrog
  1818 | D:3      | Reached XP level 5. HP: 12/41 MP: 5/5
  2031 | D:3      | XOM: silly message
  2095 | D:3      | Found a glowing drain.
  2207 | D:3      | Reached skill level 6 in Fighting
  2382 | D:3      | XOM: 6-stop teleportation journey
  2718 | D:4      | XOM: god gift: 17 stones
  2971 | D:4      | Identified the +6 scale mail "Bagomabb" {Will++ Slay-4
                  | Stlth+}
  3036 | D:5      | Entered Level 5 of the Dungeon
  3045 | D:5      | Reached XP level 6. HP: 43/47 MP: 6/6
  3146 | D:5      | XOM: cloud trail
  3191 | D:5      | Reached skill level 7 in Fighting
  3216 | D:5      | XOM: give mutations
  3216 | D:5      | Gained mutation: Your skin blends seamlessly with your
                  | surroundings (Stealth++). [Xom's grace]
  3216 | D:5      | Gained mutation: Your mind is acute. (Int +2) [Xom's grace]
  3216 | D:5      | Gained mutation: You possess an exceptional clarity of
                  | mind. [Xom's grace]
  3347 | D:5      | Noticed an ice beast
  3349 | D:5      | Noticed a sky beast
  3362 | D:6      | HP: 10/49 [something (5)]
  3363 | D:6      | Killed an ice beast
  3597 | D:6      | XOM: scenery: create altars
  3609 | D:5      | XOM: confuse monster(s)
  3610 | D:5      | XOM: cleaving
  3614 | D:5      | Killed a sky beast
  3615 | D:5      | Reached skill level 8 in Fighting
  3615 | D:5      | Reached XP level 7. HP: 18/55 MP: 7/7
  3616 | D:5      | XOM: scenery: 1 fountains blood, 1 doors open
  4076 | D:5      | XOM: cleaving
  4082 | D:5      | Reached skill level 9 in Fighting
  4307 | D:5      | HP: 14/57 [gnoll/+0 flail (13)]
  4308 | D:5      | HP: 2/57 [gnoll/+0 halberd (13)]
  4325 | D:5      | HP: 3/57 [gnoll/+0 halberd (2)]
  4344 | D:5      | Slain by a gnoll

Vanquished Creatures
  An ice beast (D:6)
  A sky beast (D:5)
  2 centaurs (D:5)
  A bullfrog (D:3)
  A scorpion (D:5)
  A necrophage (D:5)
  A hound (D:5)
  3 iguanas (D:5)
  2 gnolls (D:5)
  7 adders
  An ufetubus (D:5)
  3 worms
  4 dart slugs
  2 orcs
  5 bats
  2 endoplasms
  4 giant cockroaches
  6 hobgoblins
  7 jackals (D:1)
  6 kobolds
  5 quokkas
  6 ball pythons
  A frilled lizard (D:1)
  2 goblins
  4 rats
78 creatures vanquished.

Table legend:
 A = Non-vault XP
 B = Vault XP
 C = Vault XP percentage of total XP
 D = Non-vault monster count
 E = Vault monster count
 F = Vault count percentage of total count
                 A         B        C        D         E       F
            +---------+---------+-------+---------+---------+-------
      Total |    1085 |      36 |   3.2 |      65 |      13 |  16.7
            +---------+---------+-------+---------+---------+-------
        D:1 |      51 |       6 |  10.5 |      26 |       3 |  10.3
        D:2 |      22 |       5 |  18.5 |       7 |       2 |  22.2
        D:3 |     177 |      14 |   7.3 |      14 |       6 |  30.0
        D:4 |      25 |       0 |   0.0 |       6 |       0 |   0.0
        D:5 |     683 |      11 |   1.6 |      11 |       2 |  15.4
        D:6 |     127 |       0 |   0.0 |       1 |       0 |   0.0
            +---------+---------+-------+---------+---------+-------

Illustrated notes

Table legend:
 A = Kills in this place as a percentage of kills in entire the game.
 B = Kills by you in this place as a percentage of kills by you in the entire game.
 C = Kills by friends in this place as a percentage of kills by friends in the entire game.
 D = Other kills in this place as a percentage of other kills in the entire game.
 E = Experience gained in this place as a percentage of experience gained in the entire game.
 F = Experience gained in this place divided by the number of levels of this place that you have seen.
                   A       B       C       D       E      F
               +-------+-------+-------+-------+-------+----------------------
         Total | 100.0 | 100.0 |   N/A | 100.0 | 100.0 | 186.8
       Dungeon | 100.0 | 100.0 |   N/A | 100.0 | 100.0 | 186.8
               +-------+-------+-------+-------+-------+----------------------

Table legend: (Time is in decaauts)
 A = Elapsed time spent in this place.
 B = Non-inter-level travel time spent in this place.
 C = Inter-level travel time spent in this place.
 D = Time resting spent in this place.
 E = Time spent auto-exploring this place.
 F = Levels seen in this place.
 G = Mean time per level.
                   A        B        C        D        E       F      G
               +--------+--------+--------+--------+--------+-----+--------+
         Total |   4368 |   4279 |     89 |   1054 |   2622 |   6 |  728.0 |
       Dungeon |   4368 |   4279 |     89 |   1054 |   2622 |   6 |  728.0 |
               +--------+--------+--------+--------+--------+-----+--------+

Top non-repeatable levels by time:
     D:3: 1155 daAuts
     D:1: 1147 daAuts
     D:5: 1075 daAuts
     D:4: 463 daAuts
     D:2: 286 daAuts
     D:6: 238 daAuts
